 Dungeon Crawl Stone Soup version 0.25-a0-413-g3b4b6a4ccc (webtiles) character file.

Game seed: 1792536181825607854, levelgen mode: deterministic

4776 MisterFreud the Transmogrifier (level 10, 0/81 HPs)
             Began as a Grey Draconian Transmuter on Jan 16, 2020.
             Was a High Priest of Uskayaw.
             Slain by a death yak (20 damage)
             ... on level 9 of the Dungeon.
             The game lasted 00:20:33 (8985 turns).

MisterFreud the Transmogrifier (DrTm)               Turns: 8985, Time: 00:20:33

Health: 0/81       AC: 13    Str: 12    XL:     10   Next: 23%
Magic:  16/19      EV: 12    Int: 14    God:    Uskayaw [*****.]
Gold:   132        SH:  0    Dex: 15    Spells: 10/21 levels left

rFire    . . .     SeeInvis +     - Unarmed
rCold    . . .     Gourm    .   (shield currently unavailable)
rNeg     . . .     Faith    .   (armour unavailable)
rPois    .         Spirit   .   (helmet restricted)
rElec    .         Reflect  .   (no cloak)
rCorr    .         Harm     .   (gloves currently unavailable)
MR       +....                  g - +0 pair of boots
Stlth    +.........             (no amulet)
HPRegen  0.23/turn              b - ring of see invisible
MPRegen  0.16/turn              n - ring of protection from magic

@: blade hands
A: walk through water, unfitting armour, unbreathing, cold-blooded, AC +12
a: End Transformation, Stomp, Line Pass, Grand Finale, Renounce Religion


You were on level 9 of the Dungeon.
You worshipped Uskayaw.
Uskayaw was noncommittal.
You were very hungry.
You had blades for hands.
You visited 1 branch of the dungeon, and saw 9 of its levels.
You also visited: Sewer and Ossuary.

You collected 503 gold pieces.
You spent 371 gold pieces at shops.

Inventory:

Missiles
 a - 142 arrows
 l - 257 stones (quivered)
 p - 60 bolts
 q - 97 sling bullets
 u - 41 poisoned darts
 v - 8 javelins
 B - 11 boomerangs
Armour
 g - a +0 pair of boots (worn)
 r - a +0 pair of gloves (melded)
Jewellery
 b - a ring of see invisible (left scythe-like blade)
 e - an uncursed ring of protection from fire
 n - a ring of protection from magic (right scythe-like blade)
Wands
 t - a wand of random effects (13)
 F - a wand of paralysis (5)
Scrolls
 d - a scroll of vulnerability
 f - 4 scrolls of identify
 j - 7 scrolls of teleportation
 k - 6 scrolls of remove curse
 s - a scroll of amnesia
 y - a scroll of enchant weapon
 E - 3 scrolls of blinking
 H - 2 scrolls of fear
Potions
 h - 2 potions of cancellation
 i - 3 potions of degeneration
 m - a potion of haste
 o - a potion of lignification
 w - 2 potions of ambrosia
 x - a potion of brilliance
 z - a potion of magic
 A - 10 potions of curing
 C - a potion of berserk rage {unknown}
 D - 2 potions of flight
 G - a potion of agility {unknown}
 J - a potion of heal wounds
 K - a potion of invisibility
Comestibles
 c - 23 rations


   Skills:
 - Level 5.0 Fighting
 - Level 1.7 Dodging
 + Level 9.0 Unarmed Combat
 - Level 6.0 Spellcasting
 - Level 10.0 Transmutations


You had 10 spell levels left.
You knew the following spells:

 Your Spells              Type           Power        Failure   Level  Hunger
a - Beastly Appendage     Tmut           ####..       10%         1    None
b - Sticks to Snakes      Tmut           ####....     11%         2    #......
c - Spider Form           Tmut/Pois      ###.......   36%         3    ###....
d - Blade Hands           Tmut           ####......   38%         5    ######.

Your spell library contained the following spells:

 Spells                   Type           Power        Failure   Level  Hunger
 Passwall                 Tmut/Erth      ###.....     26%         2    #......
 Animate Skeleton         Necr           N/A          56%         1    None
 Sandblast                Erth           #.....       56%         1    None
 Ice Form                 Ice/Tmut       ###.....     63%         4    ####...
 Petrify                  Tmut/Erth      ###.....     63%         4    ####...
 Stone Arrow              Conj/Erth      #.....       83%         3    ###....
 Lee's Rapid Deconstruct  Erth           #.........   100%        5    ######.


Dungeon Overview and Level Annotations

Branches:
Dungeon (9/15)             Temple (0/1) D:5           Sewer (visited)
Ossuary (visited)
   Lair: D:8-11         Orc: D:9-12

Altars:
Ashenzari
Cheibriados
Dithmenos
Elyvilon
Gozag
Kikubaaqudgha
Nemelex Xobeh
Okawaru
Qazlal
Sif Muna
Uskayaw
Vehumet
Wu Jian
The Shining One

Shops:
D:5 *   D:8 !


Innate Abilities, Weirdness & Mutations

You can walk through water.
Your dull iron-grey scales are very hard. (AC +12)
You cannot fit into any form of body armour.
You can survive without breathing.
You are cold-blooded and may be slowed by cold attacks.


Message History

The yak gores you.
* * * LOW HITPOINT WARNING * * *
The yak is no longer sharing its pain. x3
Uskayaw prepares the audience for your solo!
Uskayaw links your audience in an emotional bond!
The helpless death yak fails to defend itself.
You slice the death yak!!
You kill the yak! x3
Your Unarmed Combat skill increases to level 9!
The death yak is severely wounded.
The yak is no longer paralysed.
The death yak is no longer paralysed.
The yak is no longer paralysed.
The death yak gores you but does no damage.
The yak closely misses you.
You can now merge with and destroy a victim.
You slash the death yak!
The death yak is severely wounded.
The death yak is no longer sharing its pain.
The death yak gores you!!
You die...

≈≈'≈≈≈≈≈≈≈
≈≈≈≈≈.≈≈≈.#≈#
..').Y....
##≈...≈..###
Y.#.#.#.#. #.......#
..#.# # ##.......#
.Y#.# #........#
.Y###########.......^#
.....................#
...............YY##..#
............Y..†@#####
##.....#.....#####
#############


You could see a death yak and 2 yaks.

Vanquished Creatures
  Pikel (D:5)
  Prince Ribbit (D:7)
  A hippogriff (D:8)
  A shadow (D:9)
  Sigmund (D:3)
  2 wraiths (Ossuary)
  5 yaks (D:9)
  An orc warrior (D:7)
  A sky beast (D:7)
  A slave (D:5)
  A phantom (D:6)
  2 ice beasts
  3 centaurs
  2 ogres
  A big kobold (D:7)
  A gnoll sergeant (D:7)
  5 bullfrogs
  2 scorpions
  A howler monkey (D:7)
  4 wights (Ossuary)
  An electric eel (D:9)
  2 crimson imps (D:8)
  A hound (D:8)
  A centaur skeleton (D:7)
  3 orc priests
  2 jellies
  A bullfrog skeleton (D:4)
  2 iguanas
  6 orc wizards
  3 worker ants
  A hound zombie (D:7)
  A worker ant zombie (D:8)
  9 adders
  9 gnolls
  A river rat (D:5)
  10 oozes
  An adder skeleton (D:4)
  4 worms
  A dart slug (D:2)
  16 leopard geckos
  17 orcs
  22 giant cockroaches
  8 goblins
  8 hobgoblins
  16 jackals
  2 quokkas
  15 ball pythons
  3 ball python skeletons (Ossuary)
  3 bats
  17 frilled lizards
  A goblin zombie (D:8)
  A hobgoblin skeleton (Ossuary)
  2 hobgoblin zombies (D:8)
  12 kobolds
  A kobold skeleton (D:8)
  3 kobold zombies
  An orc skeleton (D:8)
  4 orc zombies
  5 rats
253 creatures vanquished.

Vanquished Creatures (collateral kills)
  An adder (D:2)
  A worm (D:2)
2 creatures vanquished.

Grand Total: 255 creatures vanquished

Notes
Turn   | Place    | Note
-------+----------+-------------------------------------------
     0 | D:1      | MisterFreud the Draconian Transmuter began the quest for
                  | the Orb.
     0 | D:1      | Reached XP level 1. HP: 16/16 MP: 3/3
   450 | D:1      | Reached XP level 2. HP: 17/23 MP: 5/5
   531 | D:1      | Learned a level 2 spell: Sticks to Snakes
  1092 | D:2      | Noticed Sigmund
  1101 | D:2      | Reached XP level 3. HP: 19/28 MP: 5/7
  1164 | D:2      | Reached skill level 3 in Transmutations
  1341 | D:2      | Learned a level 3 spell: Spider Form
  1386 | D:2      | Found a hide-covered altar of Uskayaw.
  1494 | D:2      | Became a worshipper of Uskayaw the Reveler
  1529 | D:2      | Reached * piety under Uskayaw
  1669 | D:2      | Reached ** piety under Uskayaw
  1670 | D:2      | Reached XP level 4. HP: 23/35 MP: 4/8
  1678 | D:2      | Reached *** piety under Uskayaw
  1690 | D:2      | Reached **** piety under Uskayaw
  1819 | D:2      | Found a stormy altar of Qazlal.
  2225 | D:3      | Killed Sigmund
  2225 | D:3      | Reached skill level 4 in Transmutations
  2225 | D:3      | Reached XP level 5. HP: 40/40 MP: 4/11
  2570 | D:3      | Found an ancient bone altar of Kikubaaqudgha.
  2585 | D:3      | Found a shimmering blue altar of Sif Muna.
  2590 | D:3      | Found a radiant altar of Vehumet.
  2592 | D:3      | Identified Kikubaaqudgha's Guide on Sinister Arts
  2669 | D:3      | Reached XP level 6. HP: 46/47 MP: 12/12
  3136 | D:4      | Reached skill level 5 in Transmutations
  3458 | D:4      | Found an iron altar of Okawaru.
  3495 | D:4      | Reached skill level 6 in Transmutations
  3625 | D:5      | Entered Level 5 of the Dungeon
  3654 | D:5      | Your scales start taking on a dull iron-grey colour.
  3654 | D:5      | Reached XP level 7. HP: 27/53 MP: 10/13
  3654 | D:5      | Gained mutation: You can survive without breathing. [Grey
                  | Draconian growth]
  3664 | D:5      | Found Ycrass's General Store.
  3791 | D:5      | Found an ornate altar of the Wu Jian Council.
  3793 | D:5      | Bought a scroll of teleportation for 33 gold pieces
  3793 | D:5      | Bought a potion of curing for 33 gold pieces
  3793 | D:5      | Bought a potion of haste for 110 gold pieces
  3841 | D:5      | Found a glowing drain.
  3873 | Sewer    | Entered a sewer
  4332 | D:5      | Noticed Pikel
  4362 | D:5      | Killed Pikel
  4362 | D:5      | Reached skill level 5 in Fighting
  4362 | D:5      | Reached skill level 5 in Unarmed Combat
  4362 | D:5      | Reached XP level 8. HP: 25/68 MP: 10/14
  4572 | D:5      | Found an opulent altar of Gozag.
  4574 | D:5      | Found a sparkling altar of Nemelex Xobeh.
  4699 | D:5      | Found a shattered altar of Ashenzari.
  5160 | D:6      | Found a sand-covered staircase.
  5164 | Ossuary  | Entered an ossuary
  5283 | Ossuary  | Noticed a flying skull
  5314 | Ossuary  | Noticed a flying skull
  5347 | Ossuary  | Reached skill level 5 in Spellcasting
  5607 | Ossuary  | Noticed a flying skull
  5618 | Ossuary  | Reached skill level 7 in Transmutations
  5654 | Ossuary  | Learned a level 5 spell: Blade Hands
  6192 | D:6      | Reached XP level 9. HP: 58/74 MP: 7/18
  6477 | D:6      | Reached skill level 8 in Transmutations
  6805 | D:7      | Noticed Prince Ribbit
  6812 | D:7      | Killed Prince Ribbit
  7154 | D:7      | Reached skill level 9 in Transmutations
  7173 | D:7      | Reached ***** piety under Uskayaw
  7656 | D:7      | Reached skill level 10 in Transmutations
  8230 | D:8      | Found a glowing golden altar of the Shining One.
  8379 | D:8      | Found a snail-covered altar of Cheibriados.
  8379 | D:8      | Found a faded altar of an unknown god.
  8389 | D:8      | Found a faded altar of an unknown god.
  8391 | D:8      | Found a white marble altar of Elyvilon.
  8393 | D:8      | Found a shadowy altar of Dithmenos.
  8728 | D:8      | Found Reag's Distillery.
  8735 | D:8      | Bought a potion of heal wounds for 75 gold pieces
  8735 | D:8      | Bought a potion of invisibility for 120 gold pieces
  8889 | D:9      | Reached XP level 10. HP: 78/81 MP: 13/19
  8950 | D:9      | Noticed a death yak
  8985 | D:9      | Slain by a death yak

Levels and vault maps discovered:
D:1:      shiori_arrival_oz, layout_basic
D:2:      layout_basic, lemuel_round_altar, nicolae_overflow_hidden_temple,
          minmay_randomly_rotated_circles, uniq_sigmund
D:3:      layout_loops_ring, grunt_temple_overflow_magic_moments, first_ration,
          guppyfry_early_lair_pool
D:4:      layout_loops_cross, kennysheep_okawaru_gauntlet
D:5:      layout_basic, grunt_temple_overflow_opulence, lemuel_round_altar,
          nicolae_ashenzari_panopticon, lemuel_temple_firewalk_b,
          portal_sewer_entry_b, serial_shops, shop, uniq_pikel
D:6:      layout_gridville, enter_ossuary_5
D:7:      layout_rooms, uniq_prince_ribbit1
D:8:      layout_loops_ring, nicolae_tso_besieged_by_evil,
          chequers_temple_overflow_minitemple, serial_shops,
          nicolae_shop_temple_entry_statues_fountains
D:9:      argonaut_augean_stables, layout_basic, serial_shops, shop,
          serial_glass, glass_columns_b, glass_columns_a, glass_columns_b,
          glass_columns_a, grunt_livestock, hangedman_abyss_or_decor_passed

Skill      XL: |  1  2  3  4  5  6  7  8  9 10 |
---------------+-------------------------------+-----
Transmutations | 3 4 6 7 10 | 10.0
Spellcasting   | 3 4 6 |  6.0
Fighting       | 5 |  5.0
Unarmed Combat | 5 8 9 |  9.0
Dodging        | |  1.7

Action                   |  1- 3 |  4- 6 |  7- 9 | 10-12 || total
-------------------------+-------+-------+-------+-------++-------
Melee: Unarmed           |   111 |   167 |   586 |    17 ||   881
       Headbutt          |     6 |     8 |       |       ||    14
       Tailslap          |     6 |    14 |    40 |       ||    60
       Kick              |     1 |       |       |       ||     1
       Punch             |     1 |     2 |     7 |     1 ||    11
 Cast: Beastly Appendage |    13 |     4 |       |       ||    17
       Sticks to Snakes  |     4 |     2 |       |       ||     6
       Spider Form       |       |    11 |    30 |       ||    41
       Blade Hands       |       |       |     8 |     1 ||     9
 Abil: End Transformatio |       |       |     1 |       ||     1
Evoke: Wand              |       |       |    12 |       ||    12
  Use: Scroll            |       |     2 |    17 |       ||    19
       Potion            |       |       |     4 |       ||     4
 Stab: Sleeping          |     1 |     2 |     5 |       ||     8
       Paralysed         |       |     1 |    21 |     2 ||    24
       Confused          |       |       |     1 |       ||     1
  Eat: Chunk             |     3 |     8 |    16 |       ||    27
       Ration            |       |       |     2 |       ||     2
Armor: Skin              |    42 |    33 |   162 |     5 ||   242
Dodge: Dodged            |    77 |    93 |   387 |     6 ||   563

Table legend:
 A = Non-vault XP
 B = Vault XP
 C = Vault XP percentage of total XP
 D = Non-vault monster count
 E = Vault monster count
 F = Vault count percentage of total count
                 A         B        C        D         E       F
            +---------+---------+-------+---------+---------+-------
      Total |    3714 |    3109 |  45.6 |     159 |      95 |  37.4
            +---------+---------+-------+---------+---------+-------
        D:1 |      18 |       2 |  10.0 |      11 |       1 |   8.3
        D:2 |      92 |      24 |  20.7 |      26 |       6 |  18.8
        D:3 |      60 |     186 |  75.6 |      24 |       1 |   4.0
        D:4 |     264 |       0 |   0.0 |      15 |       0 |   0.0
        D:5 |     280 |     629 |  69.2 |      18 |       5 |  21.7
        D:6 |     620 |       0 |   0.0 |      17 |       0 |   0.0
        D:7 |    1002 |     277 |  21.7 |      28 |       1 |   3.4
        D:8 |    1097 |      58 |   5.0 |      18 |       9 |  33.3
        D:9 |     281 |    1020 |  78.4 |       2 |       5 |  71.4
      Sewer |       0 |     257 | 100.0 |       0 |      53 | 100.0
    Ossuary |       0 |     656 | 100.0 |       0 |      14 | 100.0
            +---------+---------+-------+---------+---------+-------
